 Dungeon Crawl Stone Soup version 0.29.0-4-gdea44cf6ec (webtiles) character file.

Game seed: 17645087156933880555

27508 qw the Severer (level 13, -10/122 HPs)
             Began as a Minotaur Berserker on Sept 10, 2022.
             Was an Elder of Trog.
             Mangled by Kirke
             ... wielding a +0 short sword
              (11 damage)
             ... on level 3 of the Lair of Beasts.
             The game lasted 00:05:39 (17961 turns).

qw the Severer (Minotaur Berserker)                Turns: 17961, Time: 00:05:40

Health: -10/122    AC: 22    Str: 27    XL:     13   Next: 4%
Magic:  12/12      EV:  9    Int: 10    God:    Trog [****..]
Gold:   733        SH:  6    Dex: 13    Spells: 12/12 levels left

rFire   . . .      SeeInvis +   Y - +0 broad axe
rCold   . . .      Faith    .   m - +0 buckler
rNeg    . . .      Spirit   .   n - +0 plate armour
rPois   .          Reflect  .   b - +2 hat "Deavuegg" {Dex+3}
rElec   .          Harm     .   t - +0 cloak
rCorr   .          Rampage  .   (no gloves)
Will    ++...                   l - +2 pair of boots
Stlth   ..........              (no amulet)
HPRegen 1.30/turn               e - +6 ring of intelligence
MPRegen 0.13/turn               p - ring of see invisible

@: lethally poisoned (-10 -> -10), strong-willed, regenerating
A: horns 2, retaliatory headbutt
a: Renounce Religion, Berserk, Trog's Hand, Brothers in Arms


You were on level 3 of the Lair of Beasts.
You worshipped Trog.
Trog was greatly pleased with you.
You visited 2 branches of the dungeon, and saw 13 of its levels.

You collected 841 gold pieces.
You spent 108 gold pieces at shops.


Innate Abilities, Weirdness & Mutations

You have a pair of horns on your head.
You reflexively headbutt those who attack you in melee.


   Skills:
 - Level 13.0 Fighting
 - Level 18.0 Axes
 - Level 2.1 Throwing
 - Level 11.1 Armour
 + Level 5.9 Dodging
 - Level 8.1 Shields


You had 12 spell levels left.
You didn't know any spells.
Your spell library was empty.

Inventory:

Hand Weapons
 r - a +5 morningstar
 Y - a +0 broad axe (weapon)
Missiles
 c - 10 boomerangs (quivered)
Armour
 b - the +2 hat "Deavuegg" (worn) {Dex+3}
   (You acquired it on level 5 of the Dungeon)

   Dex:       It affects your dexterity (+3).
 l - a +2 pair of boots (worn)
 m - a +0 buckler (worn)
 n - a +0 plate armour (worn)
 t - a +0 cloak (worn)
 u - a +2 chain mail of cold resistance
 w - a +2 pair of boots
Jewellery
 e - a +6 ring of intelligence (left hand)
 i - a ring of fire
 p - a ring of see invisible (right hand)
 q - a ring of see invisible
 v - an amulet of guardian spirit
Scrolls
 k - 2 scrolls of identify
Potions
 a - 3 potions of haste
 g - 4 potions of curing
 h - 4 potions of might
 j - 4 potions of resistance
 o - a potion of mutation
 s - 2 potions of flight {unknown}

Dungeon Overview and Level Annotations

Branches:
Dungeon (10/15)            Temple (0/1) D:5            Lair (3/5) D:10
 Spider (0/4) Lair:2
  Swamp: Lair:2-3    Shoals: Lair:2-3       Orc: D:9-12

Altars:
Dithmenos
Fedhas
Gozag
Hepliaklqana
Qazlal
Zin

Shops:
D:2 !   D:3 (   D:4 (([*

Annotations:
D:4 4 runed translucent doors
D:6 2 transporters, qw's ghost, novice GrFi
Lair:3 Kirke


Message History

Your +2 pair of boots melds into your body.
Your +0 buckler melds into your body.
Your +0 plate armour melds into your body.
Your +6 ring of intelligence melds into your body.
Your ring of see invisible melds into your body.
You feel stupid. The hog bites you. The hog bites you!
17960 ||| DRINKING potion of cancellation.
Your magical effects are unravelling.
You feel magically purged.
You feel less porcine.
Your +0 broad axe unmelds from your body.
Your +0 cloak unmelds from your body.
The +2 hat "Deavuegg" {Dex+3} unmelds from your body.
Your +2 pair of boots unmelds from your body.
Your +0 buckler unmelds from your body.
Your +0 plate armour unmelds from your body.
Your +6 ring of intelligence unmelds from your body.
Your ring of see invisible unmelds from your body.
You feel clever.
You feel sick. You block the hog's attack. The seven-headed hydra bites you.
The seven-headed hydra bites you but does no damage. x3
The seven-headed hydra bites you.
You block the seven-headed hydra's attack.
The seven-headed hydra closely misses you.
The hog bites you but does no damage. The hog barely misses you.
Kirke throws some weird powder.
Kirke hits you but does no damage. The hog bites you but does no damage.
17961 ||| INVOKING Brothers in Arms.
Your polar bear goes berserk!
You feel sick. The hog bites you but does no damage.
You block the hog's attack. The seven-headed hydra bites you.
The seven-headed hydra bites you but does no damage.
The seven-headed hydra closely misses you.
The seven-headed hydra bites you but does no damage.
The seven-headed hydra misses you.
The seven-headed hydra barely misses you.
The seven-headed hydra bites you! You block the hog's attack.
Kirke hits you with a +0 short sword!
You die...

P......... .......... .~~~##
.......... ..~~~~ .)........
..~~~ .......... ...# #..%......
...# . ##%.....## ##...#...
....[....# ##@hH.....
#....D..P######D@hS#
##......###.....+h.#
.#......###...#h#..#
#........##+..###..# ...##..
..........#...###..####.#.....
.............'##....##....#....
...............................
...............................
...[.............................


You could see Kirke, a seven-headed hydra (ally target), a manticore (summoned),
3 hogs, a water moccasin and a friendly polar bear (summoned, berserk).

Vanquished Creatures
  Gastronok (Lair:2)
  Erolcha (D:10)
  3 death yaks (D:10)
  3 two-headed ogres
  A lindwurm (Lair:3)
  A black mamba (Lair:1)
  A manticore (Lair:3)
  4 elephants (Lair:3)
  7 cane toads
  2 komodo dragons
  3 rime drakes (Lair:3)
  A queen bee (Lair:3)
  A troll (D:10)
  A blink frog (Lair:3)
  A snapping turtle (Lair:3)
  Prince Ribbit (D:6)
  A shadow (D:9)
  5 wyverns
  31 yaks
  Grum (D:10)
  2 basilisks
  Eustachio (D:5)
  3 steam dragons
  2 vampire mosquitoes (D:10)
  Menkaure (D:6)
  12 water moccasins
  Duvessa (D:5)
  5 ice beasts
  A sky beast (D:7)
  3 orc warriors
  2 black bears
  An ogre (D:7)
  12 wolves
  5 centaurs
  2 phantoms
  A kobold brigand (D:7)
  7 scorpions
  2 gnoll sergeants
  11 bullfrogs
  2 necrophages
  16 wights
  Dowan (D:5)
  41 killer bees
  2 hounds
  A jelly (D:7)
  A gnoll bouda (D:9)
  4 orc priests
  5 orc wizards
  5 iguanas
  Robin (D:3)
  9 adders
  19 gnolls
  2 shadow imps
  3 white imps
  An ufetubus (D:7)
  2 worms
  8 dart slugs
  29 orcs
  15 ball pythons
  10 bats
  7 endoplasms
  6 giant cockroaches
  25 goblins
  11 hobgoblins
  13 jackals
  11 kobolds
  6 quokkas
  3 frilled lizards
  6 rats
409 creatures vanquished.

Vanquished Creatures (others)
  22 fungi
  20 plants
  4 toadstools (D:1)
46 creatures vanquished.

Grand Total: 455 creatures vanquished

Notes
Turn   | Place    | Note
-------+----------+-------------------------------------------
     0 | D:1      | qw the Minotaur Berserker began the quest for the Orb.
     0 | D:1      | Reached XP level 1. HP: 19/19 MP: 0/0
     0 | D:1      | 0 ||| qw: Version: 0.1-a-116-g5d60599
     0 | D:1      | 0 ||| qw: Game counter: 7450
     0 | D:1      | 0 ||| qw: Always use a shield: true
     0 | D:1      | 0 ||| qw: Do Orc after D:15 true
     0 | D:1      | 0 ||| qw: Do second Lair branch before Depths: true
     0 | D:1      | 0 ||| qw: Lair rune preference: random
     0 | D:1      | 0 ||| qw: Plans: Normal
     0 | D:1      | 0 ||| PLANNING D:1-11
    85 | D:1      | Reached skill level 4 in Axes
   342 | D:1      | 342 ||| Stepping ~*~*~tactically~*~*~ (stealth).
   346 | D:1      | Reached XP level 2. HP: 26/26 MP: 1/1
   421 | D:1      | 421 ||| INVOKING Berserk.
   691 | D:1      | 691 ||| Stepping ~*~*~tactically~*~*~ (stealth).
   693 | D:1      | 693 ||| Stepping ~*~*~tactically~*~*~ (stealth).
   767 | D:1      | 767 ||| Stepping ~*~*~tactically~*~*~ (stealth).
   769 | D:1      | 769 ||| Stepping ~*~*~tactically~*~*~ (stealth).
   770 | D:1      | 770 ||| Stepping ~*~*~tactically~*~*~ (stealth).
   772 | D:1      | 772 ||| Stepping ~*~*~tactically~*~*~ (stealth).
   786 | D:1      | 786 ||| Stepping ~*~*~tactically~*~*~ (stealth).
   803 | D:1      | 803 ||| Stepping ~*~*~tactically~*~*~ (stealth).
   805 | D:1      | 805 ||| Stepping ~*~*~tactically~*~*~ (stealth).
   838 | D:1      | 838 ||| Stepping ~*~*~tactically~*~*~ (stealth).
   839 | D:1      | 839 ||| Stepping ~*~*~tactically~*~*~ (stealth).
   840 | D:1      | 840 ||| Stepping ~*~*~tactically~*~*~ (stealth).
   841 | D:1      | 841 ||| Stepping ~*~*~tactically~*~*~ (stealth).
   842 | D:1      | 842 ||| Stepping ~*~*~tactically~*~*~ (stealth).
   843 | D:1      | 843 ||| Stepping ~*~*~tactically~*~*~ (stealth).
   844 | D:1      | 844 ||| Stepping ~*~*~tactically~*~*~ (stealth).
   990 | D:1      | Reached skill level 5 in Axes
  1045 | D:1      | 1045 ||| Stepping ~*~*~tactically~*~*~ (stealth).
  1048 | D:1      | 1048 ||| Stepping ~*~*~tactically~*~*~ (hiding).
  1057 | D:1      | Reached XP level 3. HP: 26/31 MP: 2/2
  1110 | D:1      | 1110 ||| Stepping ~*~*~tactically~*~*~ (stealth).
  1112 | D:1      | 1112 ||| Stepping ~*~*~tactically~*~*~ (stealth).
  1122 | D:1      | 1122 ||| Stepping ~*~*~tactically~*~*~ (stealth).
  1285 | D:1      | 1285 ||| READING scroll labelled FAPPEP TACVI.
  1286 | D:1      | 1286 ||| READING scroll labelled JIOMANY GIYJU.
  1287 | D:1      | 1287 ||| READING scroll labelled UZAPSO YFAIJ.
  1308 | D:2      | 1308 ||| Stepping ~*~*~tactically~*~*~ (hiding).
  1499 | D:2      | Identified the +1 leather armour of Toothy Creativity {+Inv
                  | Will- Str+4}
  1543 | D:2      | Found Zonirhaca's Distillery.
  1557 | D:2      | 1557 ||| BUYING potion of curing (42 gold).
  1557 | D:2      | Bought a potion of curing for 42 gold pieces
  1557 | D:2      | 1557 ||| SHOPLISTING potion of heal wounds (70 gold, have
                  | 11).
  1557 | D:2      | 1557 ||| SHOPLISTING potion of might (56 gold, have 11).
  1557 | D:2      | 1557 ||| SHOPLISTING potion of mutation (112 gold, have
                  | 11).
  1600 | D:2      | 1600 ||| Stepping ~*~*~tactically~*~*~ (hiding).
  1608 | D:2      | Reached ** piety under Trog
  1942 | D:2      | 1942 ||| FLEEEEING.
  1985 | D:2      | Reached skill level 6 in Axes
  1985 | D:2      | Reached XP level 4. HP: 20/39 MP: 3/3
  1988 | D:2      | 1988 ||| FLEEEEING.
  1989 | D:2      | 1989 ||| FLEEEEING.
  2198 | D:2      | 2198 ||| Stepping ~*~*~tactically~*~*~ (stealth).
  2200 | D:2      | 2200 ||| Stepping ~*~*~tactically~*~*~ (stealth).
  2208 | D:2      | 2208 ||| Stepping ~*~*~tactically~*~*~ (stealth).
  2209 | D:2      | 2209 ||| Stepping ~*~*~tactically~*~*~ (stealth).
  2219 | D:2      | 2219 ||| DROPPING +0 whip.
  2302 | D:2      | Found a faded altar of an unknown god.
  2511 | D:2      | 2511 ||| Stepping ~*~*~tactically~*~*~ (stealth).
  2514 | D:2      | 2514 ||| Stepping ~*~*~tactically~*~*~ (stealth).
  2555 | D:2      | 2555 ||| Stepping ~*~*~tactically~*~*~ (stealth).
  2568 | D:2      | 2568 ||| Stepping ~*~*~tactically~*~*~ (hiding).
  2642 | D:2      | 2642 ||| Stepping ~*~*~tactically~*~*~ (hiding).
  2744 | D:2      | 2744 ||| Stepping ~*~*~tactically~*~*~ (hiding).
  2846 | D:2      | 2846 ||| Stepping ~*~*~tactically~*~*~ (hiding).
  2984 | D:2      | 2984 ||| UPGRADING to +0 leather armour.
  2994 | D:2      | 2994 ||| DROPPING +0 animal skin.
  2995 | D:2      | 2995 ||| UPGRADING to +1 leather armour of Toothy
                  | Creativity {+Inv Will- Str+4}.
  3005 | D:2      | 3005 ||| DROPPING +0 leather armour.
  3006 | D:2      | 3006 ||| READING scroll labelled KAITWE CUE.
  3007 | D:2      | 3007 ||| READING scroll labelled SEISUE GEIQ.
  3008 | D:2      | 3008 ||| READING scroll of teleportation.
  3087 | D:3      | Noticed Robin
  3088 | D:3      | 3088 ||| Stepping ~*~*~tactically~*~*~ (hiding).
  3097 | D:3      | 3097 ||| INVOKING Berserk.
  3101 | D:3      | Killed Robin
  3257 | D:3      | 3257 ||| Stepping ~*~*~tactically~*~*~ (stealth).
  3263 | D:3      | Reached XP level 5. HP: 44/45 MP: 4/4
  3342 | D:3      | Reached skill level 7 in Axes
  3466 | D:3      | 3466 ||| FLEEEEING.
  3569 | D:3      | Reached *** piety under Trog
  3857 | D:3      | Found Aruhafut's Weapon Emporium.
  3939 | D:3      | 3939 ||| Stepping ~*~*~tactically~*~*~ (hiding).
  3945 | D:3      | 3945 ||| INVOKING Berserk.
  3949 | D:3      | Reached XP level 6. HP: 55/55 MP: 5/5
  4247 | D:3      | 4247 ||| UPGRADING to +0 ring mail.
  4257 | D:3      | 4257 ||| DROPPING +1 leather armour of Toothy Creativity
                  | {+Inv Will- Str+4}.
  4258 | D:3      | 4258 ||| UPGRADING to +6 ring of intelligence.
  4259 | D:3      | 4259 ||| READING 2 scrolls labelled KOEMOO XINIFF.
  4260 | D:3      | 4260 ||| DRINKING 3 coppery potions.
  4261 | D:3      | 4261 ||| DRINKING 2 yellow potions.
  4262 | D:3      | 4262 ||| READING 4 scrolls of identify.
  4262 | D:3      | 4262 ||| IDENTIFYING bubbling puce potion
  4263 | D:3      | 4263 ||| READING 3 scrolls of identify.
  4263 | D:3      | 4263 ||| IDENTIFYING golden potion
  4264 | D:3      | 4264 ||| READING 2 scrolls of identify.
  4264 | D:3      | 4264 ||| IDENTIFYING red potion
  4265 | D:3      | 4265 ||| DROPPING scroll of vulnerability.
  4266 | D:3      | 4266 ||| DROPPING potion of ambrosia.
  4296 | D:4      | Found Zoifoceg's Antique Armour Shop.
  4299 | D:4      | Found Weanoasu's Antique Weapon Shop.
  4299 | D:4      | Found Ugret's General Store.
  4305 | D:4      | Found Zufotid's Antique Weapon Shop.
  4308 | D:4      | 4308 ||| SHOPLISTING chain mail (144 gold, have 98).
  4308 | D:4      | 4308 ||| SHOPLISTING fine plate armour (896 gold, have 98).
  4308 | D:4      | 4308 ||| SHOPLISTING pair of glowing gloves (240 gold, have
                  | 98).
  4308 | D:4      | 4308 ||| SHOPLISTING plate armour (736 gold, have 98).
  4308 | D:4      | 4308 ||| SHOPLISTING shiny plate armour (832 gold, have
                  | 98).
  4308 | D:4      | 4308 ||| SHOPLISTING shiny scale mail (224 gold, have 98).
  4311 | D:4      | 4311 ||| BUYING +0 scale mail (44 gold).
  4311 | D:4      | Bought a +0 scale mail for 44 gold pieces
  4311 | D:4      | 4311 ||| BUYING scroll of identify (22 gold).
  4311 | D:4      | Bought a scroll of identify for 22 gold pieces
  4311 | D:4      | 4311 ||| SHOPLISTING scroll of teleportation (33 gold, have
                  | 32).
  4339 | D:4      | Reached skill level 8 in Axes
  5021 | D:4      | 5021 ||| FLEEEEING.
  5022 | D:4      | 5022 ||| FLEEEEING.
  5023 | D:4      | 5023 ||| FLEEEEING.
  5024 | D:4      | 5024 ||| FLEEEEING.
  5025 | D:4      | 5025 ||| FLEEEEING.
  5026 | D:4      | 5026 ||| FLEEEEING.
  5027 | D:4      | 5027 ||| FLEEEEING.
  5028 | D:4      | 5028 ||| FLEEEEING.
  5029 | D:4      | 5029 ||| FLEEEEING.
  5030 | D:4      | 5030 ||| FLEEEEING.
  5031 | D:4      | 5031 ||| FLEEEEING.
  5032 | D:4      | 5032 ||| FLEEEEING.
  5033 | D:4      | 5033 ||| FLEEEEING.
  5034 | D:4      | 5034 ||| FLEEEEING.
  5035 | D:4      | 5035 ||| FLEEEEING.
  5036 | D:4      | 5036 ||| FLEEEEING.
  5037 | D:4      | 5037 ||| FLEEEEING.
  5038 | D:4      | 5038 ||| FLEEEEING.
  5039 | D:4      | 5039 ||| STAIRDANCE
  5090 | D:3      | 5090 ||| UPGRADING to +0 scale mail.
  5100 | D:3      | 5100 ||| DROPPING +0 ring mail.
  5101 | D:3      | 5101 ||| READING 4 scrolls of identify.
  5101 | D:3      | 5101 ||| IDENTIFYING fuming golden potion
  5102 | D:3      | 5102 ||| READING 3 scrolls of identify.
  5102 | D:3      | 5102 ||| IDENTIFYING fuming blue potion
  5103 | D:3      | 5103 ||| READING 2 scrolls of identify.
  5103 | D:3      | 5103 ||| IDENTIFYING fuming clear potion
  5104 | D:3      | 5104 ||| DROPPING potion of berserk rage.
  5105 | D:3      | 5105 ||| DROPPING potion of magic.
  5109 | D:4      | 5109 ||| STAIRDANCE
  5248 | D:4      | 5248 ||| Stepping ~*~*~tactically~*~*~ (stealth).
  5304 | D:4      | Found a large runed translucent door.
  5304 | D:4      | Found a large runed translucent door.
  5450 | D:4      | Identified the +6 short sword of Quantum Leap {vorpal,
                  | rPois Str+9 Int-4 Stlth+}
  5473 | D:4      | Found a large runed translucent door.
  5473 | D:4      | Found a large runed translucent door.
  5553 | D:4      | Reached skill level 9 in Axes
  5553 | D:4      | Reached XP level 7. HP: 58/60 MP: 6/6
  5560 | D:4      | 5560 ||| Stepping ~*~*~tactically~*~*~ (stealth).
  5613 | D:4      | Reached **** piety under Trog
  5798 | D:4      | 5798 ||| UPGRADING to +0 pair of boots.
  5803 | D:4      | 5803 ||| DRINKING 2 lumpy puce potions.
  5816 | D:4      | 5816 ||| DROPPING potion of lignification.
  5863 | D:5      | Entered Level 5 of the Dungeon
  5864 | D:5      | 5864 ||| PLANNING SEWER
  5943 | D:5      | Noticed Duvessa
  5943 | D:5      | Noticed Dowan
  5944 | D:5      | 5944 ||| Stepping ~*~*~tactically~*~*~ (hiding).
  5946 | D:5      | 5946 ||| INVOKING Berserk.
  5951 | D:5      | Killed Duvessa
  5964 | D:5      | Killed Dowan
  6156 | D:5      | Found a shadowy altar of Dithmenos.
  6186 | D:5      | 6186 ||| Stepping ~*~*~tactically~*~*~ (hiding).
  6187 | D:5      | 6187 ||| Stepping ~*~*~tactically~*~*~ (hiding).
  6193 | D:5      | 6193 ||| Stepping ~*~*~tactically~*~*~ (stealth).
  6207 | D:5      | 6207 ||| INVOKING Berserk.
  6210 | D:5      | Reached skill level 10 in Axes
  6445 | D:5      | Found a glowing drain.
  6446 | D:5      | 6446 ||| UPGRADING to +0 chain mail.
  6456 | D:5      | 6456 ||| DROPPING +0 scale mail.
  6457 | D:5      | 6457 ||| DROPPING +2 ring mail of positive energy.
  6458 | D:5      | 6458 ||| UPGRADING to ring of see invisible.
  6459 | D:5      | 6459 ||| READING scroll labelled GEQIVU CADGHO.
  6460 | D:5      | 6460 ||| READING scroll labelled FUELECV YLIOJ.
  6461 | D:5      | Noticed Eustachio
  6469 | D:5      | Reached skill level 3 in Armour
  6469 | D:5      | 6469 ||| INVOKING Berserk.
  6475 | D:5      | Reached skill level 1 in Throwing
  6475 | D:5      | Reached XP level 8. HP: 70/70 MP: 7/7
  6480 | D:5      | Killed Eustachio
  6481 | D:5      | Reached skill level 6 in Fighting
  6621 | D:5      | 6621 ||| SWAPPING to +0 war axe.
  6622 | D:5      | 6622 ||| DROPPING +1 hand axe.
  6682 | D:5      | 6682 ||| Stepping ~*~*~tactically~*~*~ (stealth).
  6752 | D:5      | 6752 ||| RIP SEWER
  6752 | D:5      | 6752 ||| PLANNING D:1-11
  6866 | D:5      | 6866 ||| INVOKING Berserk.
  7026 | D:5      | Noticed a two-headed ogre
  7217 | D:5      | 7217 ||| INVOKING Berserk.
  7223 | D:5      | Killed a two-headed ogre
  7224 | D:5      | Reached skill level 12 in Axes
  7381 | D:5      | Found a staircase to the Ecumenical Temple.
  7390 | D:5      | 7390 ||| READING scroll labelled JEOFAA VIRYF.
  7391 | D:5      | 7391 ||| READING scroll labelled YKAPEU YCYVVEI.
  7391 | D:5      | Identified a scroll of acquirement
  7391 | D:5      | 7391 ||| ACQUIRING +2 hat "Deavuegg" {Dex+3}
  7391 | D:5      | Acquired the +2 hat "Deavuegg" {Dex+3}
  7393 | D:5      | 7393 ||| UPGRADING to +2 hat "Deavuegg" {Dex+3}.
  7398 | D:5      | 7398 ||| READING 2 scrolls of identify.
  7398 | D:5      | 7398 ||| IDENTIFYING sapphire potion
  7399 | D:5      | 7399 ||| DROPPING potion of degeneration.
  7439 | D:6      | Found a transporter.
  7463 | D:6      | Noticed Menkaure
  7464 | D:6      | 7464 ||| Stepping ~*~*~tactically~*~*~ (hiding).
  7465 | D:6      | 7465 ||| Stepping ~*~*~tactically~*~*~ (hiding).
  7471 | D:6      | 7471 ||| INVOKING Berserk.
  7473 | D:6      | Killed Menkaure
  7474 | D:6      | Reached XP level 9. HP: 78/78 MP: 8/8
  7690 | D:6      | 7690 ||| Stepping ~*~*~tactically~*~*~ (stealth).
  7709 | D:6      | 7709 ||| Stepping ~*~*~tactically~*~*~ (stealth).
  7712 | D:6      | 7712 ||| Stepping ~*~*~tactically~*~*~ (stealth).
  7715 | D:6      | Reached skill level 3 in Dodging
  7715 | D:6      | 7715 ||| Stepping ~*~*~tactically~*~*~ (stealth).
  7726 | D:6      | Noticed qw's ghost (novice GrFi)
  7727 | D:6      | Found a transporter.
  7779 | D:6      | Reached skill level 13 in Axes
  7866 | D:6      | 7866 ||| Stepping ~*~*~tactically~*~*~ (cloud).
  7870 | D:6      | 7870 ||| INVOKING Berserk.
  7934 | D:6      | Noticed Prince Ribbit
  7938 | D:6      | 7938 ||| INVOKING Berserk.
  7941 | D:6      | Killed Prince Ribbit
  8101 | D:6      | 8101 ||| Stepping ~*~*~tactically~*~*~ (stealth).
  8144 | D:6      | Found the +4 dagger "Morg" {pain, Will+ Int+5}
  8321 | D:6      | 8321 ||| READING scroll labelled BAOSOK WUSM.
  8395 | D:7      | 8395 ||| Stepping ~*~*~tactically~*~*~ (stealth).
  8398 | D:7      | Found an opulent altar of Gozag.
  8414 | D:7      | 8414 ||| INVOKING Berserk.
  8420 | D:7      | HP: 30/121 [poisoned by a killer bee]
  8424 | D:7      | HP: 14/81 [poisoned by a killer bee]
  8880 | D:7      | 8880 ||| Stepping ~*~*~tactically~*~*~ (stealth).
  8886 | D:7      | Reached skill level 14 in Axes
  8918 | D:7      | 8918 ||| INVOKING Berserk.
  9176 | D:7      | 9176 ||| Stepping ~*~*~tactically~*~*~ (stealth).
  9177 | D:7      | 9177 ||| INVOKING Berserk.
  9398 | D:7      | 9398 ||| Stepping ~*~*~tactically~*~*~ (stealth).
  9400 | D:7      | 9400 ||| INVOKING Berserk.
  9402 | D:7      | Reached XP level 10. HP: 88/88 MP: 9/9
  9670 | D:7      | 9670 ||| INVOKING Berserk.
  9676 | D:7      | Reached skill level 15 in Axes
 10005 | D:7      | Reached skill level 9 in Fighting
 10280 | D:7      | 10280 ||| UPGRADING to +0 plate armour.
 10290 | D:7      | 10290 ||| DROPPING +0 chain mail.
 10291 | D:7      | 10291 ||| DRINKING 2 sedimented inky potions.
 10292 | D:7      | 10292 ||| DROPPING potion of brilliance.
 10374 | D:8      | Reached skill level 6 in Armour
 10726 | D:8      | 10726 ||| Stepping ~*~*~tactically~*~*~ (hiding).
 10982 | D:8      | Found a flagged portal.
 11032 | D:8      | 11032 ||| UPGRADING to +0 buckler.
 11048 | D:9      | 11048 ||| STAIRDANCE
 11053 | D:9      | 11053 ||| STAIRDANCE
 11160 | D:9      | 11160 ||| INVOKING Berserk.
 11163 | D:9      | Reached skill level 1 in Shields
 11299 | D:9      | Found a blossoming altar of Fedhas.
 11306 | D:9      | Found a stormy altar of Qazlal.
 11307 | D:9      | Found a glowing silver altar of Zin.
 11308 | D:9      | Found a hazy altar of Hepliaklqana.
 11327 | D:9      | 11327 ||| Stepping ~*~*~tactically~*~*~ (stealth).
 11330 | D:9      | 11330 ||| Stepping ~*~*~tactically~*~*~ (stealth).
 11340 | D:9      | Reached skill level 3 in Shields
 11643 | D:9      | 11643 ||| Stepping ~*~*~tactically~*~*~ (hiding).
 11646 | D:9      | 11646 ||| Stepping ~*~*~tactically~*~*~ (hiding).
 11694 | D:9      | 11694 ||| Stepping ~*~*~tactically~*~*~ (hiding).
 12241 | D:9      | 12241 ||| SWAPPING to +3 war axe.
 12242 | D:9      | 12242 ||| DROPPING +0 morningstar.
 12243 | D:9      | 12243 ||| DROPPING +0 war axe.
 12419 | D:9      | Noticed a two-headed ogre
 12421 | D:9      | 12421 ||| INVOKING Berserk.
 12424 | D:9      | Killed a two-headed ogre
 12425 | D:9      | Reached skill level 16 in Axes
 12425 | D:9      | Reached XP level 11. HP: 97/97 MP: 10/10
 12681 | D:9      | 12681 ||| READING scroll labelled PEG EMAPNEOS.
 12682 | D:9      | 12682 ||| READING 3 scrolls of identify.
 12682 | D:9      | 12682 ||| IDENTIFYING blue potion
 12683 | D:9      | 12683 ||| DROPPING potion of attraction.
 12716 | D:10     | Entered Level 10 of the Dungeon
 12731 | D:10     | 12731 ||| DRINKING 4 potions of curing.
 12731 | D:10     | 12731 ||| (to cure confusion)
 12732 | D:10     | 12732 ||| INVOKING Berserk.
 12814 | D:10     | Noticed a two-headed ogre
 12818 | D:10     | 12818 ||| INVOKING Berserk.
 12823 | D:10     | Killed a two-headed ogre
 12824 | D:10     | Reached skill level 6 in Shields
 12931 | D:10     | Noticed a death yak
 12934 | D:10     | Noticed a death yak
 12935 | D:10     | 12935 ||| INVOKING Berserk.
 12935 | D:10     | Noticed a death yak
 12947 | D:10     | Killed a death yak
 12951 | D:10     | Killed a death yak
 12955 | D:10     | Killed a death yak
 13219 | D:10     | Found a staircase to the Lair.
 13238 | D:10     | 13238 ||| Stepping ~*~*~tactically~*~*~ (stealth).
 13251 | D:10     | Reached skill level 9 in Armour
 13334 | D:10     | Noticed Erolcha
 13335 | D:10     | 13335 ||| INVOKING Trog's Hand.
 13336 | D:10     | 13336 ||| INVOKING Berserk.
 13341 | D:10     | Killed Erolcha
 13520 | D:10     | 13520 ||| INVOKING Berserk.
 13712 | D:10     | 13712 ||| Stepping ~*~*~tactically~*~*~ (hiding).
 13714 | D:10     | 13714 ||| INVOKING Berserk.
 13723 | D:10     | Noticed Grum
 13727 | D:10     | Killed Grum
 13845 | D:10     | 13845 ||| READING scroll of enchant weapon.
 13845 | D:10     | 13845 ||| ENCHANTING +3 war axe.
 14019 | D:10     | 14019 ||| PLANNING LAIR
 14019 | D:10     | 14019 ||| READING 2 scrolls of identify.
 14019 | D:10     | 14019 ||| IDENTIFYING purple potion
 14060 | Lair:1   | Entered Level 1 of the Lair of Beasts
 14072 | Lair:1   | 14072 ||| INVOKING Berserk.
 14202 | Lair:1   | 14202 ||| INVOKING Berserk.
 14312 | Lair:1   | 14312 ||| READING scroll of enchant armour.
 14312 | Lair:1   | 14312 ||| ENCHANTING +0 pair of boots.
 14435 | Lair:1   | 14435 ||| INVOKING Berserk.
 14570 | Lair:1   | 14570 ||| SWAPPING to +0 broad axe.
 14571 | Lair:1   | 14571 ||| DROPPING +2 war axe of venom.
 14572 | Lair:1   | 14572 ||| DROPPING +4 war axe.
 14599 | Lair:1   | 14599 ||| INVOKING Berserk.
 14731 | Lair:1   | 14731 ||| READING scroll of enchant armour.
 14731 | Lair:1   | 14731 ||| ENCHANTING +1 pair of boots.
 14921 | Lair:1   | 14921 ||| UPGRADING to +0 cloak.
 15075 | Lair:2   | Noticed Gastronok
 15076 | Lair:2   | 15076 ||| Stepping ~*~*~tactically~*~*~ (hiding).
 15080 | Lair:2   | 15080 ||| Stepping ~*~*~tactically~*~*~ (hiding).
 15083 | Lair:2   | 15083 ||| Stepping ~*~*~tactically~*~*~ (hiding).
 15088 | Lair:2   | 15088 ||| INVOKING Berserk.
 15097 | Lair:2   | Killed Gastronok
 15098 | Lair:2   | Reached XP level 12. HP: 110/110 MP: 11/11
 15118 | Lair:2   | 15118 ||| Stepping ~*~*~tactically~*~*~ (stealth).
 15216 | Lair:2   | 15216 ||| Stepping ~*~*~tactically~*~*~ (stealth).
 15244 | Lair:2   | Reached skill level 17 in Axes
 15445 | Lair:2   | 15445 ||| Stepping ~*~*~tactically~*~*~ (stealth).
 15453 | Lair:2   | 15453 ||| Stepping ~*~*~tactically~*~*~ (stealth).
 15454 | Lair:2   | 15454 ||| Stepping ~*~*~tactically~*~*~ (stealth).
 15456 | Lair:2   | 15456 ||| Stepping ~*~*~tactically~*~*~ (stealth).
 15655 | Lair:2   | Found a hole to the Spider Nest.
 15656 | Lair:2   | 15656 ||| INVOKING Brothers in Arms.
 15657 | Lair:2   | 15657 ||| INVOKING Brothers in Arms.
 15658 | Lair:2   | 15658 ||| INVOKING Brothers in Arms.
 15659 | Lair:2   | 15659 ||| INVOKING Brothers in Arms.
 15661 | Lair:2   | 15661 ||| READING scroll labelled ZEWINEKOGEJ.
 15662 | Lair:2   | 15662 ||| READING scroll of teleportation.
 16088 | Lair:2   | 16088 ||| DROPPING ring of flight.
 16115 | Lair:3   | 16115 ||| STAIRDANCE
 16174 | Lair:3   | 16174 ||| INVOKING Berserk.
 16206 | Lair:3   | Reached skill level 18 in Axes
 16369 | Lair:3   | 16369 ||| Stepping ~*~*~tactically~*~*~ (stealth).
 16371 | Lair:3   | 16371 ||| INVOKING Berserk.
 16377 | Lair:3   | 16377 ||| Stepping ~*~*~tactically~*~*~ (stealth).
 16392 | Lair:3   | 16392 ||| Stepping ~*~*~tactically~*~*~ (stealth).
 16455 | Lair:3   | 16455 ||| FLEEEEING.
 16463 | Lair:3   | 16463 ||| Stepping ~*~*~tactically~*~*~ (stealth).
 16468 | Lair:3   | 16468 ||| Stepping ~*~*~tactically~*~*~ (stealth).
 16472 | Lair:3   | 16472 ||| Stepping ~*~*~tactically~*~*~ (stealth).
 16483 | Lair:3   | 16483 ||| FLEEEEING.
 16487 | Lair:3   | 16487 ||| STAIRDANCE
 16600 | Lair:2   | 16600 ||| READING scroll labelled TOIF HAVYE.
 16611 | Lair:3   | 16611 ||| Stepping ~*~*~tactically~*~*~ (cloud).
 16613 | Lair:3   | 16613 ||| INVOKING Berserk.
 16621 | Lair:3   | 16621 ||| FLEEEEING.
 16627 | Lair:3   | 16627 ||| STAIRDANCE
 16812 | Lair:3   | 16812 ||| INVOKING Berserk.
 16813 | Lair:3   | Reached skill level 12 in Fighting
 17068 | Lair:3   | 17068 ||| Stepping ~*~*~tactically~*~*~ (hiding).
 17069 | Lair:3   | 17069 ||| Stepping ~*~*~tactically~*~*~ (hiding).
 17255 | Lair:3   | 17255 ||| Stepping ~*~*~tactically~*~*~ (stealth).
 17266 | Lair:3   | 17266 ||| Stepping ~*~*~tactically~*~*~ (stealth).
 17272 | Lair:3   | 17272 ||| INVOKING Berserk.
 17298 | Lair:3   | 17298 ||| Stepping ~*~*~tactically~*~*~ (stealth).
 17326 | Lair:3   | 17326 ||| FLEEEEING.
 17327 | Lair:3   | 17327 ||| FLEEEEING.
 17328 | Lair:3   | 17328 ||| FLEEEEING.
 17333 | Lair:3   | 17333 ||| FLEEEEING.
 17334 | Lair:3   | 17334 ||| Stepping ~*~*~tactically~*~*~ (stealth).
 17335 | Lair:3   | 17335 ||| FLEEEEING.
 17337 | Lair:3   | 17337 ||| INVOKING Berserk.
 17423 | Lair:3   | 17423 ||| Stepping ~*~*~tactically~*~*~ (stealth).
 17455 | Lair:3   | Noticed a seven-headed hydra
 17456 | Lair:3   | 17456 ||| FLEEEEING.
 17488 | Lair:3   | 17488 ||| INVOKING Berserk.
 17558 | Lair:3   | 17558 ||| FLEEEEING.
 17637 | Lair:3   | 17637 ||| Stepping ~*~*~tactically~*~*~ (stealth).
 17638 | Lair:3   | 17638 ||| Stepping ~*~*~tactically~*~*~ (stealth).
 17640 | Lair:3   | 17640 ||| Stepping ~*~*~tactically~*~*~ (stealth).
 17641 | Lair:3   | 17641 ||| Stepping ~*~*~tactically~*~*~ (stealth).
 17661 | Lair:3   | 17661 ||| Stepping ~*~*~tactically~*~*~ (stealth).
 17662 | Lair:3   | 17662 ||| Stepping ~*~*~tactically~*~*~ (stealth).
 17713 | Lair:3   | 17713 ||| Stepping ~*~*~tactically~*~*~ (stealth).
 17715 | Lair:3   | 17715 ||| Stepping ~*~*~tactically~*~*~ (stealth).
 17733 | Lair:3   | 17733 ||| Stepping ~*~*~tactically~*~*~ (hiding).
 17871 | Lair:3   | Reached XP level 13. HP: 113/122 MP: 12/12
 17880 | Lair:3   | 17880 ||| Stepping ~*~*~tactically~*~*~ (stealth).
 17893 | Lair:3   | 17893 ||| Stepping ~*~*~tactically~*~*~ (stealth).
 17894 | Lair:3   | 17894 ||| Stepping ~*~*~tactically~*~*~ (stealth).
 17906 | Lair:3   | 17906 ||| Stepping ~*~*~tactically~*~*~ (stealth).
 17931 | Lair:3   | 17931 ||| Stepping ~*~*~tactically~*~*~ (stealth).
 17940 | Lair:3   | 17940 ||| Stepping ~*~*~tactically~*~*~ (stealth).
 17944 | Lair:3   | Noticed Kirke
 17944 | Lair:3   | 17944 ||| INVOKING Trog's Hand.
 17952 | Lair:3   | 17952 ||| INVOKING Brothers in Arms.
 17953 | Lair:3   | 17953 ||| INVOKING Brothers in Arms.
 17954 | Lair:3   | 17954 ||| INVOKING Brothers in Arms.
 17955 | Lair:3   | 17955 ||| INVOKING Brothers in Arms.
 17956 | Lair:3   | 17956 ||| INVOKING Brothers in Arms.
 17957 | Lair:3   | 17957 ||| INVOKING Brothers in Arms.
 17957 | Lair:3   | HP: 27/122 [seven-headed hydra (7)]
 17958 | Lair:3   | 17958 ||| DRINKING potion of heal wounds.
 17959 | Lair:3   | 17959 ||| INVOKING Brothers in Arms.
 17960 | Lair:3   | 17960 ||| DRINKING potion of cancellation.
 17960 | Lair:3   | HP: 12/122 [seven-headed hydra (2)]
 17961 | Lair:3   | 17961 ||| INVOKING Brothers in Arms.
 17961 | Lair:3   | HP: 1/122 [seven-headed hydra (10)]
 17961 | Lair:3   | Mangled by Kirke

Levels and vault maps discovered:
D:1:      ldierk_walled_garden_2, layout_basic, hangedman_decor_diamond_cutter
D:2:      minmay_general_purpose_star, layout_loops_ring,
          chequers_ecumenical_altar_lobes, serial_shops,
          nicolae_shop_advertising_works [nicolae_subvault_shop_adworks],
          small_statue_intersection
D:3:      minmay_bubble_buster, layout_loops_ring, serial_shops,
          nicolae_shop_bloodbath_and_beyond, minmay_hedge_maze, uniq_robin
D:4:      layout_basic, minmay_shop_grid_forest, minmay_hollow_rounded_squares
D:5:      minmay_clustersquares, layout_basic, mainiacjoe_overflow_paths,
          minmay_temple_entry_fiery, portal_sewer_entry_a,
          kennysheep_generic_room_2, uniq_duvessa, uniq_eustachio
D:6:      layout_layer_cave, gammafunk_ghost_arena, uniq_menkaure,
          uniq_prince_ribbit1
D:7:      minmay_s_stair_smasher, layout_loops_corners, grunt_gozag_statues
D:8:      layout_cave_pools, enter_bailey_4
D:9:      layout_cave_pods, mainiacjoe_overflow_alcove_3, kennysheep_nondescript
D:10:     layout_roguey, dpeg_lair_monsters, uniq_grum, uniq_erolcha
Lair:1:   layout_gridlike, minivault_24
Lair:2:   layout_hall_layers, nicolae_spider_entry_orb_guardian, uniq_gastronok
Lair:3:   hangedman_what_comes_after_a, layout_regular_city,
          minmay_shoals_entry_hut, uniq_kirke

Skill      XL: |  1  2  3  4  5  6  7  8  9 10 11 12 |
---------------+-------------------------------------+-----
Axes           | 4 5 6 7 9 10 12 14 16 18 | 18.0
Fighting       | 4 5 6 8 9 11 13 | 13.0
Armour         | 3 4 5 7 9 11 | 11.1
Throwing       | 1 2 |  2.1
Dodging        | 3 5 |  5.9
Shields        | 5 7 8 |  8.1

Action                   |  1- 3 |  4- 6 |  7- 9 | 10-12 | 13-15 || total
-------------------------+-------+-------+-------+-------+-------++-------
Melee: Hand axe          |   105 |   228 |    43 |       |       ||   376
       Headbutt          |    17 |    27 |    30 |   122 |     7 ||   203
       Punch             |     2 |     2 |     3 |       |       ||     7
       War axe           |       |       |   138 |   291 |       ||   429
       Broad axe         |       |       |       |   261 |    12 ||   273
Throw: Boomerang         |       |    11 |    41 |   114 |     4 ||   170
Invok: Berserk           |     1 |     2 |    12 |    21 |       ||    36
       Trog's Hand       |       |       |       |     1 |     1 ||     2
       Brothers in Arms  |       |       |       |     1 |     2 ||     3
  Use: Scroll            |     3 |    10 |     6 |     9 |       ||    28
       Potion            |       |     2 |     1 |     2 |     2 ||     7
 Stab: Distracted        |       |     1 |       |       |       ||     1
Armor: Animal skin       |    11 |     3 |       |       |       ||    14
       Leather armour    |       |    17 |       |       |       ||    17
       Ring mail         |       |    15 |       |       |       ||    15
       Scale mail        |       |    11 |     5 |       |       ||    16
       Chain mail        |       |       |    68 |    17 |       ||    85
       Plate armour      |       |       |       |   199 |    38 ||   237
Dodge: Dodged            |    57 |    93 |    64 |   206 |    26 ||   446
Block: Buckler           |       |       |       |    95 |    21 ||   116

Table legend:
 A = Non-vault XP
 B = Vault XP
 C = Vault XP percentage of total XP
 D = Non-vault monster count
 E = Vault monster count
 F = Vault count percentage of total count
                 A         B        C        D         E       F
            +---------+---------+-------+---------+---------+-------
      Total |   22000 |   17298 |  44.0 |     252 |     157 |  38.4
            +---------+---------+-------+---------+---------+-------
        D:1 |      58 |       0 |   0.0 |      30 |       0 |   0.0
        D:2 |      79 |      10 |  11.2 |      21 |       5 |  19.2
        D:3 |     110 |     179 |  61.9 |      18 |      34 |  65.4
        D:4 |     201 |     188 |  48.3 |      24 |      10 |  29.4
        D:5 |     282 |    1601 |  85.0 |       6 |      16 |  72.7
        D:6 |    1033 |     428 |  29.3 |      21 |       2 |   8.7
        D:7 |    1258 |    1622 |  56.3 |      15 |      19 |  55.9
        D:8 |    1039 |      11 |   1.0 |      19 |       5 |  20.8
        D:9 |    3514 |       0 |   0.0 |      31 |       0 |   0.0
       D:10 |    3421 |    4383 |  56.2 |      22 |      10 |  31.2
     Lair:1 |    2209 |       0 |   0.0 |       8 |       0 |   0.0
     Lair:2 |    2979 |    1591 |  34.8 |      13 |       1 |   7.1
     Lair:3 |    5817 |    7285 |  55.6 |      24 |      55 |  69.6
            +---------+---------+-------+---------+---------+-------
